 Dungeon Crawl Stone Soup version 0.29-a0-393-g47a863cc1b (webtiles) character file.

Game seed: 10334742285650909475

52099 HendSelp the Fencer (level 14, 0/121 HPs)
             Began as a Merfolk Gladiator on May 10, 2022.
             Was the Champion of Dithmenos.
             Slain by a catoblepas (2 damage)
             ... while petrified by a catoblepas
             ... on level 6 of the Lair of Beasts.
             The game lasted 00:27:03 (15673 turns).

HendSelp the Fencer (Merfolk Gladiator)            Turns: 15673, Time: 00:27:04

Health: 0/121      AC:  5    Str: 10    XL:     14   Next: 62%
Magic:  14/14      EV:  2    Int:  7    God:    Dithmenos [******]
Gold:   980        SH:  0    Dex: 24    Spells: 13/13 levels left

rFire   . . .      SeeInvis .   G - +2 great sword (freeze)
rCold   . . .      Faith    .   (shield currently unavailable)
rNeg    + + +      Spirit   .   y - +0 steam dragon scales
rPois   ∞          Reflect  .   N - +4 helmet of the Comet {Dex+4}
rElec   +          Harm     .   S - +1 cloak
rCorr   .          Rampage  .   s - +0 pair of gloves
Will    +....                   (boots currently unavailable)
Stlth   +++++.....              D - amulet "Caxkied" {RegenMP rF+ Regen+ Str-5}
HPRegen 1.10/turn               C - ring "Rotott" {+Blink rElec rPois rF- Slay+4}
MPRegen 0.54/turn               B - +4 ring of slaying

@: petrified, corroded, wreathed by umbra, studying Staves, very quick
A: nimble swimmer 2, mertail
a: Renounce Religion, Evoke Blink, Shadow Step, Shadow Form


You were on level 6 of the Lair of Beasts.
You worshipped Dithmenos.
Dithmenos was exalted by your worship.
You visited 3 branches of the dungeon, and saw 19 of its levels.
You also visited: Gauntlet.

You collected 1081 gold pieces.
You spent 101 gold pieces at shops.

Inventory:

Hand Weapons
 m - a +0 scimitar of flaming
 G - a +2 great sword of freezing (weapon)
 R - the +9 staff of Wucad Mu {*channel}
   (You took it off a minotaur in a Gauntlet)

   It occasionally powers its wielder's spells, but with a chance of causing
   confusion or draining the wielder's intelligence.
   It becomes more likely to activate and less likely to backfire with increased
   Evocations skill.
Missiles
 d - 2 throwing nets (quivered)
 e - a javelin
 P - 3 silver javelins
Armour
 c - a +1 helmet
 s - a +0 pair of gloves (worn)
 y - +0 steam dragon scales (worn)
 N - the +4 helmet of the Comet (worn) {Dex+4}
   (You found it in a Gauntlet)

   Dex:       It affects your dexterity (+4).
 O - a scarf of harm
 S - a +1 cloak (worn)
Jewellery
 B - a +4 ring of slaying (right hand)
 C - the ring "Rotott" (left hand) {+Blink rElec rPois rF- Slay+4}
   (You found it on level 9 of the Dungeon)

   [ring of slaying]

   Slay:      It affects your accuracy & damage with ranged weapons and melee
   (+4).
   rF:        It makes you vulnerable to fire.
   rElec:     It insulates you from electricity.
   rPois:     It protects you from poison.
   +Blink:    It lets you blink.
 D - the amulet "Caxkied" (around neck) {RegenMP rF+ Regen+ Str-5}
   (You acquired it on level 5 of the Lair of Beasts)

   [amulet of magic regeneration]

   It increases your rate of magic regeneration.
   Str:       It affects your strength (-5).
   rF:        It protects you from fire.
   Regen:     It increases your rate of health regeneration.
 K - a ring of flight
Wands
 n - a wand of iceblast (23)
 r - a wand of mindburst (14)
 u - a wand of acid (7)
 w - a wand of flame (50)
 z - a wand of digging (7)
Scrolls
 f - a scroll of poison
 h - 3 scrolls of teleportation
 i - a scroll of amnesia
 j - 7 scrolls of immolation
 p - 5 scrolls of fog
 t - 2 scrolls of silence
 E - a scroll of enchant weapon
 I - 4 scrolls of identify
 L - a scroll of summoning
Potions
 a - 5 potions of mutation
 b - 3 potions of invisibility
 g - a potion of flight
 k - a potion of haste
 l - 2 potions of berserk rage
 q - 2 potions of cancellation
 x - 6 potions of heal wounds
 A - a potion of brilliance
 F - 2 potions of might
 H - 5 potions of curing
 J - 3 potions of resistance


   Skills:
 + Level 14.9 Fighting
 + Level 20.5 Long Blades
 - Level 2.0 Throwing
 + Level 20.1 Dodging


You had 13 spell levels left.
You didn't know any spells.
Your spell library contained the following spells:

 Spells                   Type           Power      Damage    Failure   Level
 Animate Skeleton         Necr           0%         N/A       43%         1
 Apportation              Tloc           0%         N/A       43%         1
 Freeze                   Ice            0%         1d3       43%         1
 Magic Dart               Conj           0%         1d3       43%         1
 Summon Small Mammal      Summ           0%         N/A       43%         1
 Blink                    Tloc           0%         N/A       56%         2
 Call Imp                 Summ           0%         N/A       56%         2
 Corpse Rot               Necr/Air       0%         N/A       56%         2
 Ensorcelled Hibernation  Hex/Ice        0%         N/A       56%         2
 Passwall                 Tmut/Erth      0%         N/A       56%         2
 Sublimation of Blood     Necr           0%         N/A       56%         2
 Frozen Ramparts          Ice            0%         1d2       80%         3
 Lesser Beckoning         Tloc           0%         N/A       80%         3
 Mephitic Cloud           Conj/Pois/Air  0%         N/A       80%         3
 Swiftness                Air            0%         N/A       80%         3
 Dispel Undead            Necr           0%         3d6       99%         4
 Hailstorm                Conj/Ice       0%         3d3       99%         4
 Petrify                  Tmut/Erth      0%         N/A       99%         4
 Irradiate                Conj/Tmut      0%         3d13      100%        5
 Manifold Assault         Tloc           0%         N/A       100%        5
 Conjure Ball Lightning   Conj/Air       0%         3x3d6     100%        6
 Death Channel            Necr           0%         N/A       100%        6
 Storm Form               Tmut/Air       0%         N/A       100%        7
 Discord                  Hex            0%         N/A       100%        8
 Disjunction              Tloc           0%         N/A       100%        8


Dungeon Overview and Level Annotations

Branches:
Dungeon (12/15)            Temple (1/1) D:6            Lair (6/6) D:11
  Swamp (0/4) Lair:2        Snake (0/4) Lair:3        Slime (0/5) Lair:5
    Orc (0/2) D:9         Gauntlet (visited)

Altars:
Ashenzari
Cheibriados
Dithmenos
Elyvilon
Fedhas
Gozag
Hepliaklqana
Kikubaaqudgha
Makhleb
Nemelex Xobeh
Okawaru
Qazlal
Ru
Sif Muna
Trog
Uskayaw
Vehumet
Wu Jian
Xom
Yredelemnul
Zin
The Shining One
Jiyva

Shops:
D:3 (   D:9 [


Innate Abilities, Weirdness & Mutations

You are very nimble when in or above water. (Stealth+, EV+, Speed+++)
Your lower body shifts to a powerful aquatic tail in water.


Message History

The goliath frog hits you from afar! The acid corrodes you!
You are splashed with acid.
The catoblepas barely misses you.
You have turned to stone.
You are engulfed in calcifying dust.
The vampire mosquito bites you but does no damage. x2
The goliath frog hits you from afar. The acid corrodes you!
You are splashed with acid!
The catoblepas gores you!
You are engulfed in calcifying dust.
The vampire mosquito bites you but does no damage.
The goliath frog hits you but does no damage.
The vampire mosquito bites you but does no damage.
The catoblepas gores you!
The vampire mosquito bites you but does no damage.
The goliath frog hits you but does no damage.
The vampire mosquito bites you! The catoblepas gores you.
The goliath frog hits you from afar!
You are splashed with acid!
The vampire mosquito bites you but does no damage.
The vampire mosquito bites you.
* * * LOW HITPOINT WARNING * * *
The catoblepas breathes a plume of calcifying dust at you.
The blast of calcifying dust hits you.
* * * LOW HITPOINT WARNING * * *
The goliath frog barely misses you.
You are engulfed in calcifying dust.
The vampire mosquito bites you.
* * * LOW HITPOINT WARNING * * *
The goliath frog barely misses you. The catoblepas gores you!!
* * * LOW HITPOINT WARNING * * *
The vampire mosquito bites you.
You are engulfed in calcifying dust.
A vampire mosquito comes into view.
The vampire mosquito bites you.
* * * LOW HITPOINT WARNING * * *
The goliath frog hits you from afar!!
* * * LOW HITPOINT WARNING * * *
You are splashed with acid!
* * * LOW HITPOINT WARNING * * *
The tyrant leech bites you!
* * * LOW HITPOINT WARNING * * *
The catoblepas gores you.
You die...

..... #..<.#....
....... #..........
P......##..........
P #..#
#......P#....
..#!..###.†..###
.P#
.#......†.#....#P
.#
..................
.
......w...........
.≈≈≈..Y@§§........
≈≈....yP†....y....
≈≈P≈≈.F...........
≈≈≈≈≈S≈≈..≈...≈#.
##.≈≈≈≈≈≈≈...≈.#
#≈≈P≈≈≈≈≈≈≈P≈..#
≈≈≈≈≈≈≈≈≈≈≈≈####
≈≈≈≈≈≈≈≈≈####


You could see a catoblepas, a tyrant leech, a goliath frog, 2 vampire mosquitoes
and an electric eel.

Vanquished Creatures
  Gastronok (Lair:2)
  A minotaur (Gauntlet)
  5 hydras
  A catoblepas (Lair:2)
  2 two-headed ogres (D:11)
  4 death yaks
  A lindwurm (Lair:2)
  10 elephants
  8 black mambas
  A gargoyle (D:11)
  2 torpor snails
  21 cane toads
  An unseen horror (D:11)
  3 rime drakes
  13 komodo dragons
  A troll (D:11)
  Grinder (D:5)
  16 blink frogs
  2 polar bears
  A hornet (D:9)
  2 tyrant leeches (Lair:4)
  4 centaur simulacra (Gauntlet)
  3 wyverns
  A vampire (D:10)
  2 wraiths
  45 yaks
  6 basilisks
  2 steam dragons
  6 vampire mosquitoes
  2 wargs (shapeshifter) (Gauntlet)
  6 nagas (Lair:3)
  2 swamp worms (Lair:4)
  2 acid dragons
  14 water moccasins
  2 ice beasts (D:7)
  5 black bears
  4 orc warriors
  A swamp drake (Lair:2)
  A sky beast (D:7)
  32 wolves
  3 ogres
  A boggart (shapeshifter) (Gauntlet)
  5 centaurs
  2 kobold brigands (D:8)
  18 bullfrogs
  3 necrophages
  3 scorpions
  13 wights
  16 killer bees
  4 howler monkeys
  5 electric eels (D:10)
  A wyvern simulacrum (Gauntlet)
  A jelly (D:6)
  2 hounds
  8 orc priests
  2 iguanas
  8 orc wizards
  3 hell rats (D:11)
  A hound skeleton (D:7)
  7 adders
  3 gnolls (D:5)
  A river rat (D:11)
  A shadow imp (D:8)
  2 white imps (D:7)
  2 worms
  3 dart slugs
  56 orcs
  6 bats
  7 endoplasms
  5 giant cockroaches
  8 goblins
  3 hobgoblins
  6 jackals
  7 kobolds
  6 quokkas
  3 ball pythons
  3 frilled lizards
  3 rats
468 creatures vanquished.

Vanquished Creatures (others)
  A goblin (D:4)
  12 fungi
  60 plants
73 creatures vanquished.

Grand Total: 541 creatures vanquished

Notes
Turn   | Place    | Note
-------+----------+-------------------------------------------
     0 | D:1      | HendSelp the Merfolk Gladiator began the quest for the Orb.
     0 | D:1      | Reached XP level 1. HP: 16/16 MP: 1/1
    29 | D:1      | Found a faded altar of an unknown god.
   164 | D:1      | Reached XP level 2. HP: 19/22 MP: 2/2
   797 | D:1      | Reached XP level 3. HP: 16/28 MP: 3/3
  1413 | D:1      | Identified a scroll of acquirement
  1413 | D:1      | Acquired a manual of Dodging
  1913 | D:2      | Reached skill level 5 in Dodging
  1990 | D:3      | Reached XP level 4. HP: 34/34 MP: 4/4
  2047 | D:3      | Reached skill level 5 in Long Blades
  2549 | D:3      | Found Mux Cef's Weapon Shoppe.
  3160 | D:3      | Bought a +0 scimitar for 52 gold pieces
  3533 | D:4      | Reached XP level 5. HP: 38/41 MP: 5/5
  3559 | D:4      | Found a hazy altar of Hepliaklqana.
  4078 | D:4      | Reached XP level 6. HP: 37/47 MP: 6/6
  4406 | D:4      | Found a bloodstained altar of Trog.
  4409 | D:4      | Found an ornate altar of the Wu Jian Council.
  4413 | D:4      | Found a glowing silver altar of Zin.
  4638 | D:5      | Entered Level 5 of the Dungeon
  4769 | D:5      | Found a glowing golden altar of the Shining One.
  4777 | D:5      | Found a basalt altar of Yredelemnul.
  4783 | D:5      | Noticed an angel
  4803 | D:5      | Noticed Grinder
  4826 | D:5      | Paralysed by Grinder for 4 turns
  4844 | D:5      | HP: 2/72 [Grinder (6)]
  4851 | D:5      | Killed Grinder
  4852 | D:5      | Reached XP level 7. HP: 9/54 MP: 7/7
  5009 | D:5      | Found a white marble altar of Elyvilon.
  5253 | D:5      | Reached XP level 8. HP: 49/61 MP: 8/8
  5544 | D:6      | Found a staircase to the Ecumenical Temple.
  5649 | D:6      | Reached skill level 5 in Fighting
  5801 | Temple   | Entered the Ecumenical Temple
  6070 | D:6      | Found a broken altar of Ashenzari.
  6125 | D:6      | Reached skill level 10 in Long Blades
  6125 | D:6      | Reached skill level 10 in Dodging
  6409 | D:6      | HP: 2/57 [wight/+3 scimitar of freezing (2)]
  6487 | D:7      | Reached XP level 9. HP: 52/65 MP: 9/9
  6638 | D:7      | Found a shadowy altar of Dithmenos.
  6661 | D:7      | Became a worshipper of Dithmenos the Shadowed
  6940 | D:7      | Found a burning altar of Makhleb.
  7266 | D:8      | Reached XP level 10. HP: 68/79 MP: 10/10
  7278 | D:8      | Reached * piety under Dithmenos
  7490 | D:8      | You fall into a shaft and drop 1 floor!
  8221 | D:9      | Reached ** piety under Dithmenos
  8290 | D:9      | Found a staircase to the Orcish Mines.
  8290 | D:9      | Found Akelekk's Armour Shop.
  8339 | D:9      | Identified the ring "Rotott" {+Blink rElec rPois rF-
                  | Slay+4}
  8456 | D:9      | Bought a +0 cloak for 49 gold pieces
  8545 | D:10     | Entered Level 10 of the Dungeon
  8874 | D:10     | Reached XP level 11. HP: 89/89 MP: 11/11
  8896 | D:10     | Reached skill level 15 in Long Blades
  8984 | D:10     | Reached *** piety under Dithmenos
  9197 | D:10     | Found a hide-covered altar of Uskayaw.
  9218 | D:10     | Found a shimmering altar of Xom.
  9229 | D:10     | Reached skill level 10 in Fighting
  9511 | D:10     | Found a sparkling altar of Nemelex Xobeh.
  9553 | D:11     | Found a staircase to the Lair.
  9554 | D:11     | Noticed a death yak
  9555 | D:11     | Noticed a death yak
  9569 | D:11     | Killed a death yak
  9583 | D:11     | Killed a death yak
  9584 | D:11     | Noticed a death yak
  9590 | D:11     | Reached skill level 15 in Dodging
  9599 | D:11     | Killed a death yak
  9621 | D:11     | Noticed a two-headed ogre
  9630 | D:11     | Killed a two-headed ogre
  9833 | D:11     | Noticed a two-headed ogre
  9841 | D:11     | Killed a two-headed ogre
  9949 | D:11     | Noticed a four-headed hydra
  9965 | D:11     | Killed a one-headed hydra
  9966 | D:11     | Reached XP level 12. HP: 100/100 MP: 12/12
 10221 | D:11     | Noticed a four-headed hydra
 10228 | D:11     | Killed a one-headed hydra
 10648 | Lair:1   | Entered Level 1 of the Lair of Beasts
 10789 | Lair:1   | Noticed an eight-headed hydra
 10800 | Lair:1   | Killed a two-headed hydra
 10803 | Lair:1   | Reached **** piety under Dithmenos
 11564 | Lair:2   | Noticed Gastronok
 11574 | Lair:2   | Killed Gastronok
 11896 | Lair:2   | Reached ***** piety under Dithmenos
 11918 | Lair:2   | Reached XP level 13. HP: 109/109 MP: 13/13
 12549 | Lair:2   | Found a staircase to the Swamp.
 12969 | Lair:3   | Found a staircase to the Snake Pit.
 13733 | Lair:4   | Reached ****** piety under Dithmenos
 13734 | Lair:4   | Reached XP level 14. HP: 114/119 MP: 14/14
 14369 | Lair:5   | Found a staircase to the Slime Pits.
 14369 | Lair:5   | Found a viscous altar of Jiyva.
 14434 | Lair:5   | Identified the +6 chain mail of Watchfulness {Harm rPois
                  | rF+ Int+2}
 14453 | Lair:5   | Found a gate leading to a gauntlet.
 14474 | Gauntlet | Entered a Gauntlet
 14474 | Gauntlet | Found a transporter.
 14474 | Gauntlet | Found a transporter.
 14478 | Gauntlet | Found a transporter.
 14479 | Gauntlet | Found a transporter.
 14480 | Gauntlet | Found a transporter.
 14482 | Gauntlet | Found a transporter.
 14490 | Gauntlet | Found a transporter.
 14491 | Gauntlet | Found a transporter.
 14492 | Gauntlet | Found a transporter.
 14496 | Gauntlet | Found a transporter.
 14497 | Gauntlet | Found a runed translucent door.
 14497 | Gauntlet | Found a runed translucent door.
 14501 | Gauntlet | Found a transporter.
 14501 | Gauntlet | Found a transporter.
 14769 | Gauntlet | Identified the +4 helmet of the Comet {Dex+4}
 15030 | Gauntlet | Identified the +3 morningstar "Nullayf" {flame, rElec rPois
                  | SInv}
 15046 | Lair:5   | Acquired the amulet "Caxkied" {RegenMP rF+ Regen+ Str-5}
 15616 | Lair:6   | Entered Level 6 of the Lair of Beasts
 15673 | Lair:6   | HP: 2/121 [tyrant leech (7)]
 15673 | Lair:6   | Slain by a catoblepas

Illustrated notes

Levels and vault maps discovered:
D:1:      sevenhm_arrival_forest_fort_small_6, layout_loops_ring,
          ebering_ecumenical_altar_sacrificial, minmay_pentomino_x4
D:2:      layout_basic
D:3:      layout_basic, serial_shops, shop, minmay_misc_feat_roman,
          minmay_surrounded
D:4:      layout_loops_cross, mainiacjoe_overflow_concentric_impassable,
          grunt_temple_overflow_diamond, chequers_serial_rivers_small_3,
          chequers_serial_rivers_marsh
D:5:      layout_loops_ring, grunt_temple_overflow_holy_war,
          kennysheep_mini_moat, serial_glass, glass_columns_c, glass_columns_b,
          item_on_display_b, minmay_strange_pillars, uniq_grinder
D:6:      layout_loops_cross, nicolae_ashenzari_skybound,
          minmay_temple_entry_wispy
D:7:      layout_loops_ring, makhleb_blood_cavern_becter,
          nicolae_dithmenos_through_a_glass_darkly, st_stairs_4
D:8:      layout_basic, kennysheep_windowed_goal
D:9:      layout_basic, orc_david_3
D:10:     layout_basic, nemelex_xobeh_ov_fountains_minmay,
          mainiacjoe_overflow_big_doors, kennysheep_generic_room_14
D:11:     layout_rooms, dpeg_lair_monsters, kennysheep_decorative_pillar
D:12:     layout_cave_pods, ebering_ghost_gozag
Temple:   jpeg_temple_island
Lair:1:   layout_cellular_growth
Lair:2:   nzn_winding_woodlands_stair_cross
          [nzn_winding_woodlands_5x15_concentric,
          nzn_winding_woodlands_center_diamonds, nzn_winding_woodlands_5x15_eye,
          nzn_winding_woodlands_5x5_checkerboard,
          nzn_winding_woodlands_5x5_default,
          nzn_winding_woodlands_5x15_split_checker,
          nzn_winding_woodlands_center_pierced_h,
          nzn_winding_woodlands_5x15_longhouse], layout_cave_pods,
          minmay_swamp_entry_reptiles, lemuel_fruit_tree, uniq_gastronok
Lair:3:   layout_gridlike, minmay_snake_entry_guardpost_medium
Lair:4:   layout_hall_layers, worms_lemuel
Lair:5:   layout_hall_layers, slime_altar_1, gauntlet_entry_generic,
          beast_lair_carwin_2
Lair:6:   minmay_lair_end_frog_pond, layout_regular_city, basic_altar,
          gammafunk_ghost_hydra_chop

Skill      XL: |  1  2  3  4  5  6  7  8  9 10 11 12 13 14 |
---------------+-------------------------------------------+-----
Long Blades    | 4 5 6 7 8 10 12 14 16 17 19 20 | 20.5
Dodging        | 5 6 8 10 11 13 16 18 19 20 | 20.1
Fighting       | 3 4 6 7 9 11 12 13 14 | 14.9
Throwing       | |  2.0

Action                   |  1- 3 |  4- 6 |  7- 9 | 10-12 | 13-15 || total
-------------------------+-------+-------+-------+-------+-------++-------
Melee: Long sword        |   106 |    78 |       |       |       ||   184
       Scimitar          |       |   108 |   230 |   395 |    11 ||   744
       Tailslap          |       |     1 |       |       |     4 ||     5
       Punch             |       |       |     2 |     3 |       ||     5
       Great sword       |       |       |       |   121 |   429 ||   550
Throw: Throwing net      |       |     2 |     2 |       |       ||     4
Evoke: Wand              |       |     1 |       |     3 |       ||     4
  Use: Scroll            |     5 |     5 |     8 |     8 |     3 ||    29
       Potion            |       |     3 |     3 |     3 |       ||     9
 Stab: Sleeping          |       |     2 |     1 |     3 |     5 ||    11
       Invisible         |       |       |       |    10 |       ||    10
       Distracted        |       |       |       |       |     1 ||     1
       Confused          |       |       |       |       |     1 ||     1
Armor: Leather armour    |    26 |    49 |    42 |     6 |       ||   123
       Skin              |       |    79 |       |       |       ||    79
       Steam dragon scal |       |       |       |    73 |    82 ||   155
Dodge: Dodged            |    88 |   199 |   168 |   624 |   544 ||  1623

Table legend: (Time is in decaauts)
 A = Elapsed time spent in this place.
 B = Non-inter-level travel time spent in this place.
 C = Inter-level travel time spent in this place.
 D = Time resting spent in this place.
 E = Time spent auto-exploring this place.
 F = Levels seen in this place.
 G = Mean time per level.
                   A        B        C        D        E       F      G
               +--------+--------+--------+--------+--------+-----+--------+
         Total |  15301 |  14311 |    990 |    427 |  10899 |  20 |  765.0 |
       Dungeon |  10241 |   9397 |    844 |    309 |   7360 |  12 |  853.4 |
        Temple |    194 |    178 |     16 |      0 |    166 |   1 |  194.0 |
          Lair |   4304 |   4176 |    128 |      0 |   3216 |   6 |  717.3 |
      Gauntlet |    560 |    560 |      0 |    118 |    156 |   1 |  560.0 |
               +--------+--------+--------+--------+--------+-----+--------+

Top non-repeatable levels by time:
     D:1: 1496 daAuts
     D:4: 1442 daAuts
  Lair:2: 1383 daAuts
     D:3: 1233 daAuts
    D:10: 988 daAuts
     D:5: 882 daAuts
  Lair:1: 831 daAuts
    D:11: 803 daAuts
     D:8: 760 daAuts
     D:6: 754 daAuts
  Lair:5: 726 daAuts
     D:7: 717 daAuts
  Lair:4: 702 daAuts
     D:9: 669 daAuts
  Lair:3: 614 daAuts
